 Dungeon Crawl Stone Soup version 0.17-a0-737-gf0a300a (webtiles) character file.

474 Ngotmuk the Covered (level 6, -6/57 HPs)
             Began as a Deep Dwarf Fighter on Apr 28, 2015.
             Was an Initiate of Ru.
             Killed by nerve-wracking pain
             ... invoked by Menkaure
              (8 damage)
             ... on level 4 of the Dungeon.
             The game lasted 00:11:01 (2848 turns).

Ngotmuk the Covered (Deep Dwarf Fighter)            Turns: 2848, Time: 00:11:01

Health: -6/57      AC: 10    Str: 24    XL:     6   Next: 84%
Magic:  6/6        EV:  9    Int:  9    God:    Ru [......]
Gold:   168        SH: 10    Dex: 12    Spells: 0 memorised, 5 levels left

rFire  . . .     SeeInvis .     a - +0 war axe
rCold  . . .     Clarity  .     b - +0 scale mail
rNeg   . . .     SustAb   .     c - +0 shield
rPois  .         Gourm    .     (no helmet)
rElec  .         Spirit   .     (no cloak)
rCorr  .         Warding  .     (no gloves)
rMut   .         Stasis   .     D - +0 pair of boots
MR     .....                    (no amulet)
Stlth  ..........               m - +3 ring of strength
                                l - +2 ring of protection

@: non-regenerating, not resistant to hostile enchantments, extremely unstealthy
A: damage resistance, recharge devices, sense surroundings 1, slow healing 3
a: Device Recharging, Renounce Religion


You were on level 4 of the Dungeon.
You worshipped Ru.
Ru was noncommittal.
You were not hungry.

You visited 1 branch of the dungeon, and saw 5 of its levels.

You collected 168 gold pieces.

Inventory:

Hand weapons
 a - a +0 war axe (weapon)
Missiles
 u - 2 tomahawks (quivered)
Armour
 b - a +0 scale mail (worn)
 c - a +0 shield (worn)
 D - a +0 pair of boots (worn)
Jewellery
 j - an uncursed ring of protection from magic
 l - a +2 ring of protection (left hand)
 m - a +3 ring of strength (right hand)
 s - an uncursed ring of protection from cold
Magical devices
 e - a wand of heal wounds (3)
Scrolls
 h - 2 scrolls of identify {unknown}
 p - 2 scrolls of teleportation {unknown}
 q - 2 scrolls of remove curse {unknown}
 r - 2 scrolls of amnesia {unknown}
 y - a scroll of enchant armour {unknown}
 A - a scroll of enchant weapon {unknown}
Potions
 d - a potion of might
 g - 2 potions of cancellation {unknown}
 i - 2 potions of magic {unknown}
 k - 3 potions of restore abilities {unknown}
 n - 2 potions of flight {unknown}
 o - a potion of agility {unknown}
 t - 2 potions of ambrosia {unknown}
 w - a potion of poison {unknown}
 x - 2 potions of curing {unknown}
 z - 2 potions of heal wounds {unknown}
Comestibles
 f - a bread ration
 B - a beef jerky
 C - a slice of pizza


   Skills:
 * Level 3.9 Fighting
 * Level 4.1 Axes
 + Level 1.1 Throwing
 * Level 4.9 Armour
 + Level 2.1 Dodging
 * Level 4.9 Shields


You had 5 spell levels left.
You didn't know any spells.

Dungeon Overview and Level Annotations

Branches:
Dungeon (5/15)
 Temple: D:4-7

Altars:
Makhleb
Okawaru
Qazlal
Ru
Sif Muna
Zin
The Shining One

Annotations:
D:3 Ngotmuk's ghost, average DDFi
D:4 Menkaure


Innate Abilities, Weirdness & Mutations

You are resistant to damage.
You can recharge devices by infusing magical energy.
You passively map a small area around you.
You do not heal naturally.


Message History

Menkaure gestures wildly while chanting.
Menkaure seems to speed up.
You hit Menkaure.
Menkaure is lightly damaged.
You closely miss the goblin. The goblin hits you but does no damage.
You block Menkaure's attack. The goblin hits you but does no damage.
You hit Menkaure.
Menkaure is moderately damaged.
You barely miss the goblin. Menkaure hits you!
* * * LOW HITPOINT WARNING * * *
The goblin barely misses you.
Menkaure giggles, "These cerements are ticklish..."
Menkaure hits you!
* * * LOW HITPOINT WARNING * * *
You barely miss Menkaure.
Menkaure is moderately damaged.
Your shield and scale mail prevent you from hitting the goblin.
Menkaure points at you and mumbles some strange words.
Pain shoots through your body!
You die...

..#... ,....... ###.....##
....... .......# ##.####
....... ........## #..#..#
......, .........### #.....#
......#
...........#####....##
.##..###
#....#.............##
.##....###...........#####.##
..##...##.......g..### #.#
#...............@.## #.#
.....^..........M.# ###
........#####......#
..........# ##......# *
........# #......# *
##......#* ........,
...#....## #..###....
...##....# ..# ##.
.........## *


You could see Menkaure and a goblin.

Vanquished Creatures
  The ghost of Ngotmuk the Shield-Bearer, an average DDFi (D:4)
  A scorpion (D:4)
  An orc wizard (D:3)
  6 adders
  3 worms
  5 giant geckos
  8 orcs
  12 hobgoblins
  7 jackals (D:1)
  2 quokkas (D:2)
  A ball python (D:2)
  12 bats
  2 giant cockroaches
  3 giant newts
  11 goblins
  12 kobolds
  9 rats
96 creatures vanquished.

Notes
Turn   | Place    | Note
--------------------------------------------------------------
     0 | D:1      | Ngotmuk, the Deep Dwarf Fighter, began the quest for the Orb.
     0 | D:1      | Reached XP level 1. HP: 20/20 MP: 1/1
    94 | D:1      | Reached XP level 2. HP: 24/27 MP: 2/2
   408 | D:2      | Reached XP level 3. HP: 29/33 MP: 3/3
   688 | D:2      | Reached skill level 4 in Armour
   723 | D:2      | Found a stormy altar of Qazlal.
   816 | D:2      | Reached XP level 4. HP: 32/42 MP: 4/4
   847 | D:2      | Found a deep blue altar of Sif Muna.
  1097 | D:3      | Found a glowing golden altar of the Shining One.
  1168 | D:3      | Found a burning altar of Makhleb.
  1168 | D:3      | Noticed an Executioner
  1171 | D:3      | Found a glowing silver altar of Zin.
  1171 | D:3      | Noticed an angel
  1259 | D:3      | Noticed Ngotmuk's ghost (average DDFi)
  1407 | D:3      | Reached XP level 5. HP: 26/49 MP: 5/5
  1606 | D:3      | Reached skill level 1 in Dodging
  2195 | D:4      | Found an iron altar of Okawaru.
  2266 | D:4      | Noticed Ngotmuk's ghost (average DDFi)
  2501 | D:5      | Entered Level 5 of the Dungeon
  2501 | D:5      | Noticed an ogre
  2501 | D:5      | Noticed a sky beast
  2592 | D:4      | Killed Ngotmuk's ghost
  2592 | D:4      | Reached skill level 1 in Throwing
  2592 | D:4      | Reached XP level 6. HP: 28/57 MP: 6/6
  2745 | D:4      | Found a sacrificial altar of Ru.
  2752 | D:4      | Became a worshipper of Ru the Awakened
  2842 | D:4      | Noticed Menkaure
  2847 | D:4      | HP: 2/57 [Menkaure (11)]
  2848 | D:4      | Killed from afar by Menkaure

Action                   |  1- 3 |  4- 6 || total
-------------------------+-------+-------++-------
Melee: War axe           |    96 |   146 ||   242
Throw: Javelin           |    26 |    22 ||    48
       Tomahawk          |       |    27 ||    27
Evoke: Wand              |       |     2 ||     2
  Eat: Bread ration      |       |     1 ||     1
       Meat ration       |       |     1 ||     1
